Map: [ESL] Ancient Cistern

Players

Oliveira - Winner!

  • Race: Terran Terran

herO

  • Race: Protoss Protoss

Event: IEM Katowice 2023

VOD

Have the link to the VOD?

Description

Time

  • Played on: Feb. 12, 2023, 11:57 a.m.
  • Length: 10:31

All games in this series

Show
View Real Time Build Order
Export as new Build Order

Oliveira Terran - Winner!

Build Orders: Reaper Expand 

Get SALT Encoding   

  12  0:00  SCV  
  13  0:12  SCV  
  14  0:17  Supply Depot  
  14  0:24  SCV  
  15  0:38  SCV  
  15  0:40  Barracks  
  16  0:45  Refinery  
  16  0:50  SCV  
  17  1:03  SCV  
  18  1:15  SCV  
  19  1:27  Orbital Command, Reaper  
  20  1:40  Command Center  
  20  1:52  Supply Depot  
  20  1:53  SCV  
  21  1:59  Marine  
  22  2:05  SCV  
  23  2:10  Factory  
  23  2:17  Marine  
  23  2:20  Bunker  
  24  2:23  SCV  
  25  2:35  SCV  
  26  2:39  Barracks Reactor  
  26  2:47  SCV  
  27  2:54  Orbital Command  
  27  2:56  Factory Tech Lab  
  27  2:59  Barracks, SCV  
  28  3:06  Orbital Command  
  28  3:12  Refinery  
  28  3:15  Cyclone  
  28  3:17  Marine  
  32  3:22  SCV  
  33  3:30  Supply Depot  
  33  3:33  SCV  
  34  3:34  SCV  
  34  3:35  Marine x2  
  36  3:45  SCV  
  36  3:46  SCV  
  36  3:47  Barracks Tech Lab  
  40  3:52  Marine  
  40  3:55  Siege Tank  
  41  3:57  SCV  
  41  4:00  Marine  
  41  4:01  SCV  
  44  4:03  Supply Depot  
  44  4:09  SCV  
  45  4:10  Stimpack  
  45  4:11  Marine x2  
  45  4:13  SCV  
  48  4:18  Marine  
  48  4:19  Engineering Bay  
  48  4:22  SCV  
  50  4:25  SCV  
  50  4:28  Supply Depot  
  51  4:33  Marine  
  51  4:34  SCV  
  51  4:37  Barracks  
  53  4:38  SCV  
  53  4:40  Marine  
  55  4:46  Marine  
  55  4:48  SCV  
  55  4:49  Terran Infantry Weapons Level 1  
  55  4:50  Marine, SCV  
  59  4:53  Supply Depot  
  59  5:00  SCV  
  59  5:01  Factory Reactor  
  59  5:02  Starport  
  59  5:05  Marine, SCV  
  59  5:06  Refinery  
  62  5:11  Marine  
  62  5:12  SCV  
  64  5:17  Marine, SCV  
  64  5:19  Supply Depot  
  66  5:23  Supply Depot  
  66  5:24  SCV  
  66  5:25  Combat Shield, Marauder  
  66  5:26  Marine  
  69  5:29  SCV  
  69  5:35  Marauder  
  72  5:37  SCV  
  72  5:39  Refinery  
  72  5:41  SCV  
  74  5:45  Marine x2, Supply Depot  
  74  5:47  Factory Tech Lab, Marauder  
  74  5:49  Medivac, SCV  
  81  5:52  Concussive Shells  
  80  5:58  SCV, Marauder  
  80  6:01  SCV, Supply Depot  
  84  6:05  Medivac  
  84  6:09  Marine  
  84  6:10  Marauder  
  89  6:15  Marine  
  89  6:16  Supply Depot  
  90  6:19  Siege Tank  
  90  6:25  Marauder  
  95  6:27  Marine  
  95  6:33  Marine  
  95  6:34  Marine  
  97  6:45  Marine  
  97  6:46  Marauder  
  99  6:50  Marine  
  99  6:51  Command Center  
  99  6:52  Marine  
  98  6:55  Siege Tank, SCV  
  98  6:56  SCV  
  101  7:02  Medivac x2  
  101  7:03  Marine  
  101  7:07  Marine  
  106  7:12  Marine  
  107  7:16  Terran Infantry Armor Level 1  
  107  7:18  Barracks  
  107  7:19  Barracks, Marauder  
  109  7:26  Marine, Marauder  
  110  7:30  Marine, SCV x2  
  110  7:34  Siege Tank  
  114  7:39  Liberator  
  114  7:42  SCV  
  118  7:50  Liberator, Marauder  
  123  7:54  Marauder  
  123  7:56  Marine  
  126  8:03  SCV  
  126  8:04  Marine  
  126  8:05  Orbital Command  
  128  8:10  SCV, Barracks Tech Lab, Barracks Reactor  
  127  8:14  Marine  
  127  8:15  Marauder  
  130  8:20  Siege Tank  
  130  8:25  Marine  
  130  8:26  Marauder  
  134  8:32  Marine  
  134  8:40  Marine  
  134  8:41  Marauder  
  118  8:43  Marine  
  118  8:44  Medivac x2  
  118  8:47  Marine x2  
  122  8:50  Marine  
  122  8:53  Marine  
  124  8:59  Marauder  
  124  9:01  Marine  
  124  9:02  Marine  
  128  9:04  Marine  
  129  9:10  Marine  
  129  9:11  Marauder  
  127  9:20  Marauder  
  127  9:21  Marine x2  
  126  9:26  Marine, Marauder  
  124  9:33  Marine, Marauder  
  124  9:39  Marine x2  
  124  9:41  Marine  
  121  9:46  Marine  
  121  9:52  Marine  
  98  9:55  Marauder  
  98  9:56  Marine  
  98  9:57  Marine  
  96  10:07  Marine x2, Marauder  
  96  10:12  Marine  
Show
View Real Time Build Order
Export as new Build Order

herO Protoss 

Build Orders: Blink Stalkers 

Get SALT Encoding   

  12  0:00  Probe  
  13  0:12  Probe  
  14  0:17  Pylon  
  14  0:24  Probe  
  15  0:36  Gateway  
  15  0:37  Probe  
  15  0:42  Assimilator  
  16  0:49  Probe  
  17  0:54  Pylon  
  17  1:01  Probe (Chrono Boost)  
  18  1:11  Probe (Chrono Boost)  
  19  1:12  Gateway  
  19  1:16  Probe (Chrono Boost)  
  20  1:24  Cybernetics Core  
  22  1:34  Probe  
  21  1:57  Nexus  
  21  2:00  Adept (Chrono Boost)  
  24  2:08  Probe  
  24  2:12  Warp Gate  
  24  2:13  Adept (Chrono Boost)  
  25  2:21  Probe  
  25  2:22  Adept (Chrono Boost)  
  26  2:26  Assimilator  
  28  2:33  Probe  
  31  2:41  Adept (Chrono Boost)  
  31  2:45  Pylon  
  31  3:03  Probe, Adept  
  31  3:04  Twilight Council  
  34  3:12  Probe  
  35  3:15  Probe  
  34  3:28  Probe x2 (Chrono Boost)  
  36  3:39  Robotics Facility  
  36  3:40  Probe x2 (Chrono Boost)  
  38  3:47  Blink (Chrono Boost), Probe x2 (Chrono Boost)  
  40  3:54  Probe x2  
  40  4:03  Stalker x2  
  40  4:06  Probe x2  
  46  4:22  Nexus  
  46  4:27  Pylon  
  46  4:28  Observer  
  46  4:29  Probe x2  
  49  4:36  Stalker x2  
  53  4:40  Pylon  
  53  4:42  Probe  
  54  4:47  Probe  
  55  4:54  Pylon, Probe  
  55  4:59  Probe  
  57  5:01  Warp Prism  
  57  5:06  Gateway  
  59  5:09  Probe  
  59  5:11  Probe  
  61  5:16  Stalker x2  
  65  5:21  Probe  
  65  5:23  Probe  
  67  5:32  Gateway  
  67  5:33  Gateway  
  69  5:35  Charge (Chrono Boost)  
  70  5:43  Gateway  
  70  5:48  Gateway  
  67  5:50  Gateway  
  67  5:51  Stalker  
  67  5:54  Stalker  
  71  5:57  Probe x3  
  74  6:09  Stalker  
  76  6:11  Probe x3  
  76  6:14  Pylon  
  76  6:15  Shield Battery, Observer  
  79  6:23  Probe x2  
  79  6:24  Stalker x2  
  85  6:31  Zealot x2  
  89  6:33  Pylon  
  89  6:34  Pylon  
  89  6:38  Zealot  
  91  6:44  Immortal  
  91  6:45  Pylon  
  95  6:49  Pylon  
  95  6:50  Pylon  
  95  7:00  Stalker x2  
  93  7:03  Zealot x5  
  103  7:12  Assimilator, Probe x3  
  103  7:13  Assimilator  
  106  7:25  Zealot x7  
  106  7:29  Probe x2  
  118  7:30  Probe  
  118  7:34  Assimilator  
  118  7:35  Assimilator  
  118  7:37  Forge  
  113  7:38  Warp Prism (Chrono Boost)  
  115  7:46  Templar Archives, Probe x2  
  117  7:55  Probe  
  117  7:56  Zealot x3, Sentry  
  126  8:03  Zealot x2  
  128  8:07  Observer  
  128  8:11  Protoss Ground Weapons Level 1 (Chrono Boost)  
  128  8:12  Zealot  
  129  8:24  High Templar x2  
  133  8:28  Archon  
  133  8:30  Pylon  
  131  8:37  Zealot x2  
  131  8:38  Zealot x3  
  131  8:39  Immortal (Chrono Boost)  
  115  8:46  Probe x3  
  112  8:56  Pylon, Zealot x2  
  112  8:57  Zealot  
  112  8:58  Zealot  
  112  8:59  High Templar x2  
  112  9:00  Zealot  
  126  9:13  Immortal (Chrono Boost)  
  128  9:19  Zealot x4  
  106  9:26  Stalker  
  106  9:31  Archon  
  104  9:34  Stalker x2  
  49  10:00  Stalker x3  
  55  10:07  Pylon  
  31  10:23  Stalker  
  31  10:24  Stalker x2  
  31  10:26  Stalker  

Tags
 
Add a new tag
Caveats
  • Supply blocks, unpowered buildings, or Contaminate may cause inaccurate times.
  • Supply counts are checked every 10 seconds.